PCL
SPOKANE TRAPPERS @ MILE HIGH BRONCOS
05/30/2024
 
TOP OF THE 1ST
Spokane Trappers batting - Pitching for Mile High Broncos : RHP John Burris
Pitching: RHP John Burris
Batting: LHB Henry Leroux 0-0: Ball
1-0: Fly out, F7 (Flyball, 7M)
Batting: LHB Pete Carter 0-0: Called Strike
0-1: Ball
1-1: Ball
2-1: Called Strike
2-2: Foul Ball, location: 2F
2-2: Ball
3-2: Base on Balls
Batting: LHB Colin Ives 0-0: Called Strike
0-1: Called Strike
0-2: Strikes out looking
Batting: SHB Esteban Silva 0-0: Called Strike
0-1: Fly out, F7 (Flyball, 7D)
Top of the 1st over - 0 run(s), 0 hit(s), 0 error(s), 1 left on base; Spokane 0 - Mile High 0
BOTTOM OF THE 1ST
Mile High Broncos batting - Pitching for Spokane Trappers : RHP Marcos Rivera
Pitching: RHP Marcos Rivera
Batting: RHB Juan Gonzáles 0-0: Ball
1-0: Foul Ball, location: 2F
1-1: Ground out 6-3 (Groundball, 6M)
Batting: RHB Juan Jose Guevana 0-0: Ground out 4-3 (Groundball, 4M)
Batting: RHB José Herrera 0-0: Called Strike
0-1: Foul Ball, location: 2F
0-2: Strikes out swinging
Bottom of the 1st over - 0 run(s), 0 hit(s), 0 error(s), 0 left on base; Spokane 0 - Mile High 0
TOP OF THE 2ND
Spokane Trappers batting - Pitching for Mile High Broncos : RHP John Burris
Batting: LHB José Feliciano 0-0: SOLO HOME RUN (Line Drive, 9D), Distance : 372 ft
Batting: RHB Ramiro Ross 0-0: Swinging Strike
0-1: Foul Ball, location: 2F
0-2: Ball
1-2: Strikes out swinging
Batting: RHB Clyde Kelley 0-0: Foul Ball, location: 2F
0-1: Ball
1-1: Called Strike
1-2: Ball
2-2: Ball
3-2: Base on Balls
Batting: LHB Jaime Padilla 0-0: Hit by Pitch
Clyde Kelley to second
Batting: RHB Todd Rockburn 0-0: Fielders Choice at 2nd, 2-6 (Groundball, 2R)
Clyde Kelley to third
Batting: LHB Henry Leroux 0-0: Ball
1-0: Called Strike
1-1: Ball
2-1: Called Strike
2-2: Fly out, F8 (Flyball, 8RS)
Top of the 2nd over - 1 run(s), 1 hit(s), 0 error(s), 2 left on base; Spokane 1 - Mile High 0
BOTTOM OF THE 2ND
Mile High Broncos batting - Pitching for Spokane Trappers : RHP Marcos Rivera
Batting: RHB Vincente Ventura 0-0: Called Strike
0-1: Foul Ball, location: 2F
0-2: Ball
1-2: Foul Ball, location: 2F
1-2: Ball
2-2: Ground out U3 (Groundball, 3)
Batting: LHB Bill Houston 0-0: Fly out, F9 (Flyball, 9LM)
Batting: RHB Su-kweon Yu 0-0: Called Strike
0-1: Called Strike
0-2: Strikes out looking
Bottom of the 2nd over - 0 run(s), 0 hit(s), 0 error(s), 0 left on base; Spokane 1 - Mile High 0
TOP OF THE 3RD
Spokane Trappers batting - Pitching for Mile High Broncos : RHP John Burris
Batting: LHB Pete Carter 0-0: Ball
1-0: Called Strike
1-1: Foul Ball, location: 2F
1-2: Ball
2-2: Ground out 4-3 (Groundball, 4)
Batting: LHB Colin Ives 0-0: Swinging Strike
0-1: Ball
1-1: Ball
2-1: Ball
3-1: Foul Ball, location: 2F
3-2: Foul Ball, location: 2F
3-2: SINGLE (Line Drive, 9S)
Batting: SHB Esteban Silva 0-0: Ball
1-0: Ball
2-0: SINGLE (Flyball, 7S)
Colin Ives to second
Batting: LHB José Feliciano 0-0: Called Strike
0-1: Ball
1-1: Foul Ball, location: 2F
1-2: Ball
2-2: SINGLE (Groundball, 6MD)
Colin Ives to third
Esteban Silva to second
Runner from 3rd tries for Home, SAFE, no throw or cutoff
Batting: RHB Ramiro Ross 0-0: Foul Ball, location: 2F
0-1: 3-RUN HOME RUN (Flyball, 78XD), Distance : 407 ft
Batting: RHB Clyde Kelley 0-0: Ball
1-0: Foul Ball, location: 2F
1-1: Ball
2-1: SINGLE (Line Drive, 6D)
Batting: LHB Jaime Padilla 0-0: Called Strike
Clyde Kelley steals 2nd base
0-1: Ground out 1-3 (Groundball, 15S)
Batting: RHB Todd Rockburn 0-0: Ball
1-0: Called Strike
1-1: Ball
2-1: Called Strike
2-2: SINGLE (Line Drive, 34D)
Clyde Kelley to third
Runner from 3rd tries for Home, SAFE, no throw or cutoff
Batting: LHB Henry Leroux 0-0: Ball
Wild Pitch!
Todd Rockburn to second
1-0: Ground out 5-3 (Groundball, 56S)
Top of the 3rd over - 5 run(s), 6 hit(s), 0 error(s), 1 left on base; Spokane 6 - Mile High 0
BOTTOM OF THE 3RD
Mile High Broncos batting - Pitching for Spokane Trappers : RHP Marcos Rivera
Batting: RHB Michael MacDonald 0-0: Ball
1-0: SINGLE (Line Drive, 8LS)
Batting: RHB Marcos Reyes 0-0: Called Strike
0-1: Called Strike
0-2: Ball
1-2: Strikes out swinging
Batting: RHB Mançio Delmage 0-0: Called Strike
0-1: Called Strike
0-2: Ball
1-2: Strikes out swinging
Batting: RHB Juan Gonzáles 0-0: Called Strike
0-1: Ball
1-1: Called Strike
1-2: Strikes out swinging
Bottom of the 3rd over - 0 run(s), 1 hit(s), 0 error(s), 1 left on base; Spokane 6 - Mile High 0
TOP OF THE 4TH
Spokane Trappers batting - Pitching for Mile High Broncos : RHP John Burris
Batting: LHB Pete Carter 0-0: Ball
1-0: Called Strike
1-1: Called Strike
1-2: Foul Ball, location: 2F
1-2: Foul Ball, location: 2F
1-2: Ground out 4-3 (Groundball, 4)
Batting: LHB Colin Ives 0-0: Called Strike
0-1: Ball
1-1: Swinging Strike
1-2: Ball
2-2: Foul Ball, location: 2F
2-2: Ball
3-2: Foul Ball, location: 2F
3-2: Base on Balls
Batting: SHB Esteban Silva 0-0: Ball
1-0: Swinging Strike
1-1: Called Strike
1-2: Ball
2-2: Foul Ball, location: 2F
2-2: Fly out, F7 (Flyball, 78S)
Pitching: RHP Todd Clark
Batting: LHB José Feliciano 0-0: Swinging Strike
0-1: Ball
1-1: Swinging Strike
1-2: Ball
2-2: Strikes out looking
Top of the 4th over - 0 run(s), 0 hit(s), 0 error(s), 1 left on base; Spokane 6 - Mile High 0
BOTTOM OF THE 4TH
Mile High Broncos batting - Pitching for Spokane Trappers : RHP Marcos Rivera
Batting: RHB Juan Jose Guevana 0-0: Ball
1-0: Ball
2-0: Ball
3-0: Called Strike
3-1: Foul Ball, location: 2F
3-2: Base on Balls
Batting: RHB José Herrera 0-0: Ball
1-0: Fly out, F4 (Popup, 34D)
Batting: RHB Vincente Ventura 0-0: Ball
1-0: Ball
2-0: Fielders Choice at 2nd, 6-4 (Groundball, 56)
Batting: LHB Bill Houston 0-0: Ball
1-0: Ball
Vincente Ventura is caught stealing 2nd base
Bottom of the 4th over - 0 run(s), 0 hit(s), 0 error(s), 0 left on base; Spokane 6 - Mile High 0
TOP OF THE 5TH
Spokane Trappers batting - Pitching for Mile High Broncos : RHP Todd Clark
Batting: RHB Ramiro Ross 0-0: Called Strike
0-1: Ball
1-1: Ball
2-1: Foul Ball, location: 2F
2-2: Ball
3-2: Base on Balls
Batting: RHB Clyde Kelley 0-0: Ball
1-0: Swinging Strike
1-1: Ball
2-1: Called Strike
2-2: Strikes out swinging
Batting: LHB Jaime Padilla 0-0: SINGLE (Line Drive, 6M)
Ramiro Ross to second
Batting: RHB Todd Rockburn 0-0: Ball
Wild Pitch!
Ramiro Ross to third
Jaime Padilla to second
1-0: Foul Ball, location: 2F
1-1: Called Strike
1-2: Foul Ball, location: 2F
1-2: Strikes out looking
Batting: LHB Henry Leroux 0-0: Foul Ball, location: 2F
0-1: Ball
1-1: Ground out 1-3 (Groundball, 13S)
Top of the 5th over - 0 run(s), 1 hit(s), 0 error(s), 2 left on base; Spokane 6 - Mile High 0
BOTTOM OF THE 5TH
Mile High Broncos batting - Pitching for Spokane Trappers : RHP Marcos Rivera
Batting: LHB Bill Houston 0-0: Called Strike
0-1: Ball
1-1: Ball
2-1: Ball
3-1: Swinging Strike
3-2: Strikes out looking
Batting: RHB Su-kweon Yu 0-0: Ball
1-0: Ball
2-0: Foul Ball, location: 2F
2-1: Fly out, F8 (Flyball, 8RD)
Batting: RHB Michael MacDonald 0-0: Ball
1-0: Called Strike
1-1: Swinging Strike
1-2: Strikes out looking
Bottom of the 5th over - 0 run(s), 0 hit(s), 0 error(s), 0 left on base; Spokane 6 - Mile High 0
TOP OF THE 6TH
Spokane Trappers batting - Pitching for Mile High Broncos : RHP Todd Clark
Batting: LHB Pete Carter 0-0: SINGLE (Groundball, 34D)
Batting: LHB Colin Ives 0-0: Called Strike
0-1: SINGLE (Groundball, 15S) (infield hit)
Pete Carter to second
Batting: SHB Esteban Silva 0-0: Ball
1-0: Swinging Strike
1-1: Grounds into double play, 4-6-3 (Groundball, 4)
Pete Carter to third
Batting: LHB José Feliciano 0-0: Ball
1-0: Ball
2-0: Ball
3-0: Called Strike
3-1: Fly out, F7 (Flyball, 7LM)
Top of the 6th over - 0 run(s), 2 hit(s), 0 error(s), 1 left on base; Spokane 6 - Mile High 0
BOTTOM OF THE 6TH
Mile High Broncos batting - Pitching for Spokane Trappers : RHP Marcos Rivera
Batting: RHB Marcos Reyes 0-0: Ball
1-0: SINGLE (Groundball, 56D)
Batting: RHB Mançio Delmage 0-0: Ball
1-0: Ground out 5-3 (Groundball, 56S)
Marcos Reyes to second
Batting: RHB Juan Gonzáles 0-0: Foul Ball, location: 2F
0-1: Foul Ball, location: 2F
0-2: Strikes out looking
Batting: RHB Juan Jose Guevana 0-0: Foul Ball, location: 2F
0-1: Fly out, F8 (Flyball, 8RXD)
Bottom of the 6th over - 0 run(s), 1 hit(s), 0 error(s), 1 left on base; Spokane 6 - Mile High 0
TOP OF THE 7TH
Spokane Trappers batting - Pitching for Mile High Broncos : RHP Todd Clark
Pitching: RHP Cristo Canó
Batting: RHB Ramiro Ross 0-0: Ball
1-0: Swinging Strike
1-1: Swinging Strike
1-2: Ground out 4-3 (Groundball, 4)
Batting: RHB Clyde Kelley 0-0: Called Strike
0-1: Foul Ball, location: 2F
0-2: Ball
1-2: Foul Ball, location: 2F
1-2: Foul Ball, location: 2F
1-2: Ball
2-2: Ball
3-2: SINGLE (Line Drive, 8RS)
Batting: LHB Jaime Padilla 0-0: Swinging Strike
0-1: Fielders Choice at 2nd, 5-4 (Groundball, 5L)
Batting: RHB Todd Rockburn 0-0: Called Strike
Jaime Padilla is caught stealing 2nd base
Top of the 7th over - 0 run(s), 1 hit(s), 0 error(s), 0 left on base; Spokane 6 - Mile High 0
BOTTOM OF THE 7TH
Mile High Broncos batting - Pitching for Spokane Trappers : RHP Marcos Rivera
Now at 2B: John Craig
Batting: RHB José Herrera 0-0: Fly out, F2 (Popup, 2LF)
Batting: RHB Vincente Ventura 0-0: Swinging Strike
0-1: Called Strike
0-2: Strikes out swinging
Batting: LHB Bill Houston 0-0: Called Strike
0-1: Ball
1-1: Called Strike
1-2: Strikes out swinging
Bottom of the 7th over - 0 run(s), 0 hit(s), 0 error(s), 0 left on base; Spokane 6 - Mile High 0
TOP OF THE 8TH
Spokane Trappers batting - Pitching for Mile High Broncos : RHP Cristo Canó
Batting: RHB Todd Rockburn 0-0: Ball
1-0: Swinging Strike
1-1: Swinging Strike
1-2: Foul Ball, location: 2F
1-2: Foul Ball, location: 2F
1-2: Strikes out swinging
Batting: LHB Henry Leroux 0-0: Called Strike
0-1: Foul Ball, location: 2F
0-2: Foul Ball, location: 2F
0-2: Ball
1-2: Ball
2-2: Strikes out swinging
Batting: LHB Pete Carter 0-0: Fly out, F7 (Line Drive, 78S)
Top of the 8th over - 0 run(s), 0 hit(s), 0 error(s), 0 left on base; Spokane 6 - Mile High 0
BOTTOM OF THE 8TH
Mile High Broncos batting - Pitching for Spokane Trappers : RHP Marcos Rivera
Batting: RHB Su-kweon Yu 0-0: Foul Ball, location: 2F
0-1: Hit by Pitch
Batting: RHB Michael MacDonald 0-0: Ball
1-0: Ball
2-0: Ball
3-0: Called Strike
3-1: Grounds into double play, 5-4-3 (Groundball, 56)
Batting: RHB Marcos Reyes 0-0: Ball
1-0: Ball
2-0: Swinging Strike
2-1: DOUBLE (Line Drive, 8LXD)
Batting: RHB Mançio Delmage 0-0: Ground out 3-1 (Groundball, 34)
Bottom of the 8th over - 0 run(s), 1 hit(s), 0 error(s), 1 left on base; Spokane 6 - Mile High 0
TOP OF THE 9TH
Spokane Trappers batting - Pitching for Mile High Broncos : RHP Cristo Canó
Batting: LHB Colin Ives 0-0: Called Strike
0-1: Called Strike
0-2: Ball
1-2: Ground out 1-3 (Groundball, 15)
Batting: SHB Esteban Silva 0-0: Called Strike
0-1: Ball
1-1: Fly out, F5 (Popup, 5F)
Batting: LHB José Feliciano 0-0: Called Strike
0-1: Ball
1-1: Ground out 4-3 (Groundball, 4M)
Top of the 9th over - 0 run(s), 0 hit(s), 0 error(s), 0 left on base; Spokane 6 - Mile High 0
BOTTOM OF THE 9TH
Mile High Broncos batting - Pitching for Spokane Trappers : RHP Marcos Rivera
Now at C: John Summers
Batting: RHB Juan Gonzáles 0-0: Called Strike
0-1: Swinging Strike
0-2: Strikes out swinging
Batting: RHB Juan Jose Guevana 0-0: Swinging Strike
0-1: Ball
1-1: Swinging Strike
1-2: Foul Ball, location: 2F
1-2: Strikes out swinging
Batting: RHB José Herrera 0-0: Ball
1-0: Ground out 5-3 (Groundball, 56S)
Bottom of the 9th over - 0 run(s), 0 hit(s), 0 error(s), 0 left on base; Spokane 6 - Mile High 0
This league is powered by Out of the Park Baseball, the baseball management simulation game for PC, Mac and Linux
Saturday, April 9th, 2016 - OOTP Baseball 16.8 Build 38